 Dungeon Crawl Stone Soup version bcrawl-1.36 (webtiles) character file.

Game seed: 4113427042638823351

187243 huldread the Slasher (level 7, -7/44 HPs)
             Began as a Skeleton Reaver on May 12, 2022.
             Was a Believer of Vehumet.
             Killed by divine providence
             ... invoked by an orc priest
              (9 damage)
             ... on level 5 of the Dungeon.
             The game lasted 00:11:04 (4319 turns).

huldread the Slasher (Skeleton Reaver)              Turns: 4319, Time: 00:11:05

Health: -7/44      AC:  5    Str: 16 (17) XL:     7   Next: 21%
Magic:  0/16       EV: 12    Int: 15      God:    Vehumet [**....]
Gold:   242        SH:  1    Dex:  7      Spells: 12/18 levels left

rFire    x . .     SeeInvis .   a - +1 long sword
rCold    + + .     Gourm    .   (no shield)
rNeg     + + +     Faith    .   b - +0 steam dragon scales
rPois    ∞         Spirit   +   (no helmet)
rElec    .         Reflect  .   (no cloak)
rCorr    .                      (no gloves)
MR       +....                  (no boots)
Stlth    +.........             (no amulet)
HPRegen  0.14/turn              h - ring "Sogruudi" {Ice +Blink}
MPRegen  0.15/turn              (no ring)

@: about to teleport
A: no food or potions, cold resistance 1, deterioration 1, negative energy
resistance 3, powered by death 1, torment resistance, unbreathing, magic shield,
sturdy frame 1, spell healing
a: Renounce Religion, Evoke Blink


You were on level 5 of the Dungeon.
You worshipped Vehumet.
Vehumet was pleased with you.
You were not hungry.

You visited 1 branch of the dungeon, and saw 5 of its levels.

You collected 242 gold pieces.

Inventory:

Hand Weapons
 a - a +1 long sword (weapon)
Armour
 b - +0 steam dragon scales (worn)
 k - a +0 leather armour
 m - a +0 cloak
 p - a +1 robe of magic resistance
Jewellery
 h - the ring "Sogruudi" (left hand) {Ice +Blink}
   (You found it on level 1 of the Dungeon)

   [ring of ice]

   It enhances your ice magic.
   It makes you vulnerable to fire.
   It protects you from cold.
   It lets you blink.
 j - an uncursed ring of positive energy
 o - an uncursed ring of positive energy
Scrolls
 c - a scroll of immolation
 d - 6 scrolls of remove curse
 e - 2 scrolls of amnesia
 f - a scroll of fear
 g - a scroll of enchant weapon
 i - a scroll of identify
 l - 3 scrolls of magic mapping


   Skills:
 + Level 5.1 Fighting
 + Level 6.2 Long Blades
 - Level 3.0 Dodging
 + Level 6.0 Spellcasting
 + Level 3.3 Conjurations


You had 12 spell levels left.
You knew the following spells:

 Your Spells              Type           Power        Failure   Level  Hunger
a - Freeze                Ice            #.....       4%          1    N/A
b - Iskenderun's Battles  Conj/Chrm      #.......     45%         5    N/A

Your spell library contained the following spells:

 Spells                   Type           Power        Failure   Level  Hunger
 Magic Dart               Conj           ##..         1%          1    N/A
 Summon Small Mammal      Summ           #...         14%         1    N/A
 Call Imp                 Summ           #.....       22%         2    N/A
 Call Canine Familiar     Summ           #.......     41%         3    N/A
 Summon Ice Beast         Ice/Summ       #.......     82%         4    N/A
 Summon Lightning Spire   Summ/Air       #.......     99%         5    N/A

Dungeon Overview and Level Annotations

Branches:
Dungeon (5/12)
 Temple: D:4-7

Altars:
Dithmenos
Uskayaw

Shops:
D:4 [

Annotations:
D:5 Menkaure


Innate Abilities, Weirdness & Mutations

You do not eat or drink.
You are immune to poison.
Your flesh is cold resistant. (rC+)
Your body sometimes deteriorates upon taking damage.
You are immune to negative energy. (rN+++)
You regenerate a little health from kills.
You are immune to unholy pain and torment.
You can survive without breathing.
When hurt, damage is shared between your health and your magic reserves.
Your movements are slightly less encumbered by armour. (ER -2)
Casting spells heals you.


Message History

The orc wizard barely misses you. The orc wizard closely misses you.
Menkaure casts a spell.
Menkaure seems to speed up.
You hit Menkaure.
Menkaure is severely damaged.
The orc wizard points at you and mumbles some strange words.
You resist with almost no effort. Menkaure barely misses you.
As you read the scroll of teleportation, it crumbles to dust.
You feel strangely unstable. The orc wizard misses you.
Menkaure barely misses you. The orc wizard barely misses you.
You hit the orc wizard.
The orc wizard is severely wounded.
The orc wizard closely misses you. Menkaure barely misses you.
You barely miss the orc wizard.
The orc wizard is severely wounded.
The orc wizard gestures wildly while chanting.
The orc wizard blinks!
Menkaure misses you.
The orc priest calls down the wrath of Beogh upon you.
Beogh smites you!
You die...

#...# #...# #...# #...#
#...#
#####################...###
..........................>
#######.##################.
.....o.?oM@§....# #.
........#######.# #.
######..# #.# #. #..# #.#
#. #!.# #.# #. #... #.# #.
#o.o #.# #. #l.. #.# ####.
#)#######!...


You could see Menkaure, an orc wizard and an orc priest.

Vanquished Creatures
  A sky beast (D:4)
  A howler monkey (D:4)
  2 orc priests (D:3)
  A crimson imp (D:5)
  A centaur zombie (D:5)
  2 orc wizards
  Crazy Yiuf (D:4)
  A bullfrog skeleton (D:4)
  Terence (D:2)
  A worker ant (D:4)
  6 gnolls
  3 adders
  3 oozes
  A worm (D:3)
  A dart slug (D:1)
  A leopard gecko (D:1)
  20 orcs
  3 ball pythons
  2 giant cockroaches (D:1)
  4 goblins
  3 hobgoblins (D:2)
  5 jackals (D:3)
  4 kobolds
  3 quokkas
  2 bats
  2 frilled lizards
  4 rats
  A fungus (D:4)
80 creatures vanquished.

Notes
Turn   | Place    | Note
-------+----------+-------------------------------------------
     0 | D:1      | huldread the Skeleton Reaver began the quest for the Orb.
     0 | D:1      | Reached XP level 1. HP: 14/14 MP: 4/4
   216 | D:1      | Got a coiled ivory ring
   217 | D:1      | Identified the ring "Sogruudi" {Ice +Blink} (You found it
                  | on level 1 of the Dungeon)
   292 | D:1      | Reached XP level 2. HP: 19/19 MP: 6/6
   891 | D:2      | Noticed Terence
  1181 | D:2      | Killed Terence
  1182 | D:2      | Reached XP level 3. HP: 16/23 MP: 5/8
  1366 | D:2      | Found a faded altar of an unknown god.
  1476 | D:2      | Reached * piety under Vehumet
  1476 | D:2      | Offered knowledge of Freeze by Vehumet.
  1484 | D:2      | Learned a level 1 spell: Freeze
  1595 | D:2      | Found a shadowy altar of Dithmenos.
  1595 | D:2      | Found a hide-covered altar of Uskayaw.
  1838 | D:3      | Reached XP level 4. HP: 13/29 MP: 1/10
  2079 | D:3      | Found a shadowy altar of Dithmenos.
  2091 | D:3      | Reached skill level 5 in Long Blades
  2104 | D:3      | Reached XP level 5. HP: 13/33 MP: 1/11
  2113 | D:3      | Learned a level 5 spell: Iskenderun's Battlesphere
  2825 | D:3      | Reached skill level 1 in Conjurations
  2881 | D:3      | Offered knowledge of Magic Dart by Vehumet.
  2979 | D:4      | Reached ** piety under Vehumet
  3073 | D:4      | Reached skill level 5 in Spellcasting
  3184 | D:4      | Noticed a sky beast
  3401 | D:4      | Gained mutation: You regenerate a little health from kills.
                  | [Skeleton growth]
  3401 | D:4      | Reached XP level 6. HP: 36/39 MP: 11/13
  3701 | D:4      | Killed a sky beast
  3752 | D:4      | Found Plog's Antique Armour Shop.
  3913 | D:4      | Found a runed door.
  3917 | D:4      | Noticed Crazy Yiuf
  3940 | D:4      | Killed Crazy Yiuf
  3941 | D:4      | Reached skill level 5 in Fighting
  3941 | D:4      | Reached XP level 7. HP: 38/44 MP: 9/15
  4053 | D:5      | Entered Level 5 of the Dungeon
  4299 | D:5      | Noticed Menkaure
  4312 | D:5      | HP: 1/44 [Menkaure (2)]
  4319 | D:5      | Killed from afar by an orc priest

Skill      XL: |  1  2  3  4  5  6  7 |
---------------+----------------------+-----
Long Blades    | 4 5 6 |  6.2
Spellcasting   | 4 5 6 |  6.0
Fighting       | 4 5 |  5.1
Conjurations   | 1 3 |  3.3
Dodging        | |  3.0

Action                   |  1- 3 |  4- 6 |  7- 9 || total
-------------------------+-------+-------+-------++-------
Melee: Long sword        |    85 |   177 |    32 ||   294
 Cast: Freeze            |     7 |    30 |       ||    37
  Use: Scroll            |     5 |     4 |     1 ||    10
 Stab: Distracted        |     1 |       |       ||     1
Armor: Steam dragon scal |    30 |    54 |     7 ||    91
Dodge: Dodged            |    52 |   100 |    22 ||   174
